 Seeded DCSS version 0.31.0-11-ge490571c62 (webtiles) character file.

Game seed: 7470755332163287827 (custom seed)

418412 CInkIbrahim the Impregnable (level 23, -2/265 HPs)
             Began as a Gargoyle Fighter on Feb 5, 2024.
             Was an Initiate of Gozag.
             Killed from afar by a titan (7 damage)
             ... with a bolt of lightning
             ... on level 5 of the Vaults on Feb 6, 2024.
             The game lasted 02:18:46 (47967 turns).

CInkIbrahim the Impregnable (Gargoyle Fighter)     Turns: 47967, Time: 02:18:47

Health: -2/265     AC: 34    Str: 37    XL:     23   Next: 65%
Magic:  23/23      EV:  2    Int: 12    God:    Gozag
Gold:   10703      SH: 16    Dex: 11    Spells: 22/22 levels left

rFire   + . .        a - +9 demon trident (heavy)
rCold   + . .        c - +2 buckler {AC+3}
rNeg    + + .        i - melded +8 orange crystal plate armour {Archmagi, Int+3 Clar}
rPois   ∞            v - melded +1 helmet {SInv}
rElec   +            H - melded scarf {repulsion}
rCorr   +            L - melded +0 pair of gloves of the Desert {rC+ Int-3 Slay+5}
SInv    +            w - melded +1 pair of boots of Whack-A-Mole {rElec MP+9}
Will    +++..        A - amulet of Lesser Demons {Reflect Dex+3 SH+5}
Stlth   +            C - ring "Wyuly" {rN+ Will+}
HPRegen 0.64/turn    o - +6 ring of strength
MPRegen 0.18/turn

%: reflection, clarity
@: mighty, brilliant, tree-form, resistant, gold aura, studying Throwing,
invisible
A: stationary, stasis, torment immunity, boosted hp, sickness immunity, AC +17,
(big wings), negative energy resistance 1, (electricity resistance), torment
resistance 1, petrification resistance, (talons 1), see invisible, clarity,
strong-willed 1, robust 1, strong 1, MP-powered wands
}: 2/15 runes: barnacled, gossamer
a: End Transformation, Renounce Religion, Potion Petition, Call Merchant, Bribe
Branch


You were on level 5 of the Vaults.
You worshipped Gozag.
Gozag was extremely pleased with you.
You were a tree.
You visited 8 branches of the dungeon, and saw 39 of its levels.
You also visited: Bailey, Ice Cave and Desolation.

You collected 20373 gold pieces.
You spent 2588 gold pieces at shops.
You paid 7082 gold pieces to Gozag.

Inventory:

Hand Weapons
 a - a +9 heavy demon trident (weapon)
 b - a +7 demon trident of freezing
 E - a +2 demon blade of venom
Armour
 c - a +2 buckler of protection (worn)
 i - the +8 orange crystal plate armour (melded) {Archmagi, Int+3 Clar}
   (You bought it in a shop on level 2 of the Orcish Mines)

   Int+3:     It affects your intelligence (+3).
   Clar:      It protects you from confusion, rage, mesmerisation and fear.
 v - a +1 helmet of see invisible (melded)
 w - the +1 pair of boots of Whack-A-Mole (melded) {rElec MP+9}
   (You found it on level 3 of the Shoals)

   rElec:     It insulates you from electricity.
   MP+9:      It affects your magic capacity (+9).
 H - a scarf of repulsion (melded)
 L - the +0 pair of gloves of the Desert (melded) {rC+ Int-3 Slay+5}
   (You acquired it on level 3 of the Shoals)

   Int-3:     It affects your intelligence (-3).
   Slay+5:    It affects your accuracy & damage with ranged weapons and melee
   (+5).
   rC+:       It protects you from cold.
 P - a +0 tower shield
 T - a +2 cloak
Jewellery
 o - a +6 ring of strength (right branch)
 A - the amulet of Lesser Demons (around neck) {Reflect Dex+3 SH+5}
   (You took it off an ironbound convoker in the Desolation of Salt)

   [amulet of reflection]

   Reflect:   It reflects blocked missile attacks.
   Dex+3:     It affects your dexterity (+3).
   SH+5:      It affects your SH (+5).
 C - the ring "Wyuly" (left branch) {rN+ Will+}
   (You found it on level 5 of the Dungeon)

   [ring of positive energy]

   rN+:       It protects you from negative energy.
   Will+:     It increases your willpower.
 S - the ring of Xom's Wantonness {Ice rElec rN++ rCorr Int-5}
   (You found it on level 4 of the Shoals)

   [ring of ice]

   Ice:       It enhances your ice magic.
   Int-5:     It affects your intelligence (-5).
   rF-:       It makes you vulnerable to fire.
   rC+:       It protects you from cold.
   rElec:     It insulates you from electricity.
   rN++:      It greatly protects you from negative energy.
   rCorr:     It protects you from acid and corrosion.
 Y - the amulet "Imocu" {rPois Regen+}
   (You took it off a spriggan on level 5 of the Lair of Beasts)

   [amulet of regeneration]

   rPois:     It protects you from poison Regen+: It increases your rate of
   health regeneration.
Wands
 m - a wand of acid (14)
 n - a wand of mindburst (29)
 u - a wand of paralysis (33)
 F - a wand of iceblast (54)
 I - a wand of digging (13)
 M - a wand of flame (64)
 V - a wand of polymorph (12)
Scrolls
 g - 8 scrolls of teleportation
 j - 2 scrolls of blinking
 p - 7 scrolls of noise
 q - 5 scrolls of enchant armour
 z - a scroll of fear
 B - 3 scrolls of summoning
 D - 5 scrolls of silence
 G - 2 scrolls of fog
 J - 2 scrolls of poison
 Z - 2 scrolls of immolation
Potions
 d - 6 potions of enlightenment
 e - 5 potions of attraction
 h - 12 potions of curing
 k - 3 potions of resistance
 l - 2 potions of invisibility
 r - 3 potions of might
 s - 10 potions of mutation
 x - 10 potions of ambrosia
 K - 5 potions of lignification
 R - 2 potions of cancellation
 U - 5 potions of haste
Miscellaneous
 N - a box of beasts
 O - a phial of floods
 Q - a tin of tremorstones (1/2)
 W - a lightning rod (4/4)
 X - a phantom mirror


   Skills:
 + Level 21.6 Fighting
 + Level 20.6 Polearms
 + Level 24.9 Armour
 * Level 20.7 Shields


You had 22 spell levels left.
You didn't know any spells.
Your spell library contained the following spells:

 Spells                   Type           Power      Damage    Failure   Level
 Apportation              Tloc           0%         N/A       32%         1
 Foxfire                  Conj/Fire      0%         2x1d4     32%         1
 Kiss of Death            Conj/Necr      0%         2d5       32%         1
 Magic Dart               Conj           0%         1d3       32%         1
 Necrotise                Necr           0%         1d4       32%         1
 Slow                     Hex            0%         N/A       32%         1
 Blink                    Tloc           0%         N/A       45%         2
 Call Imp                 Summ           0%         N/A       45%         2
 Momentum Strike          Conj/Tloc      0%         3d8       45%         2
 Searing Ray              Conj           0%         2d4       45%         2
 Static Discharge         Conj/Air       0%         3-3/arc   45%         2
 Confusing Touch          Hex            0%         N/A       69%         3
 Dazzling Flash           Conj/Hex       0%         N/A       69%         3
 Inner Flame              Hex/Fire       0%         N/A       69%         3
 Mephitic Cloud           Conj/Alch/Air  0%         N/A       69%         3
 Sigil of Binding         Hex            0%         N/A       69%         3
 Stone Arrow              Conj/Erth      0%         3d7       69%         3
 Summon Ice Beast         Ice/Summ       0%         N/A       69%         3
 Vampiric Draining        Necr           0%         2d6       69%         3
 Volatile Blastmotes      Fire/Tloc      0%         2d10      69%         3
 Airstrike                Air            0%         2d(0-16)  97%         4
 Anguish                  Hex/Necr       0%         N/A       97%         4
 Animate Armour           Summ/Erth      0%         N/A       97%         4
 Dispel Undead            Necr           0%         3d6       97%         4
 Ignite Poison            Fire/Alch      0%         N/A       97%         4
 Leda's Liquefaction      Alch/Erth      0%         N/A       97%         4
 Passage of Golubria      Tloc           0%         N/A       97%         4
 Vhi's Electric Charge    Tloc/Air       0%         N/A       97%         4
 Curse of Agony           Necr           0%         N/A       100%        5
 Freezing Cloud           Conj/Ice/Air   0%         6-21      100%        5
 Iskenderun's Battlesphe  Conj           0%         2d6       100%        5
 Lee's Rapid Deconstruct  Erth           0%         3d4*      100%        5
 Metabolic Englaciation   Hex/Ice        0%         N/A       100%        5
 Silence                  Hex/Air        0%         N/A       100%        5
 Summon Forest            Summ/Tloc      0%         N/A       100%        5
 Summon Mana Viper        Hex/Summ       0%         N/A       100%        5
 Bombard                  Conj/Erth      0%         9d1       100%        6
 Conjure Ball Lightning   Conj/Air       0%         3x3d6     100%        6
 Eringya's Noxious Bog    Alch           0%         4d6       100%        6
 Plasma Beam              Fire/Air       0%         2x1d10    100%        6
 Sculpt Simulacrum        Ice/Alch       0%         N/A       100%        6
 Starburst                Conj/Fire      0%         6d3       100%        6
 Enfeeble                 Hex            0%         N/A       100%        7
 Monstrous Menagerie      Summ           0%         N/A       100%        7
 Spellforged Servitor     Conj/Summ      0%         N/A       100%        7
 Summon Hydra             Summ           0%         N/A       100%        7
 Ignition                 Fire           0%         3d3       100%        8
 Lehudib's Crystal Spear  Conj/Erth      0%         10d2      100%        8
 Cigotuvi's Dreadful Rot  Necr/Alch/Air  Unusable   N/A       N/A         2

Dungeon Overview and Level Annotations

Branches:
Dungeon (15/15)            Temple (1/1) D:5            Lair (5/5) D:9
 Shoals (4/4) Lair:2       Spider (4/4) Lair:3        Slime (0/5) Lair:4
    Orc (2/2) D:10            Elf (3/3) Orc:2        Vaults (5/5) D:13
  Crypt (0/3) Vaults:2     Depths (0/4) D:15         Bailey (visited)
  IceCv (visited)         Desolation (visited)

Altars:
Ashenzari
Cheibriados
Dithmenos
Elyvilon
Fedhas
Gozag
Hepliaklqana
Kikubaaqudgha
Makhleb
Nemelex Xobeh
Okawaru
Qazlal
Ru
Sif Muna
Trog
Uskayaw
Vehumet
Wu Jian
Xom
Yredelemnul
Zin
The Shining One
Jiyva
Lugonu

Shops:
D:4 (   D:10 (   D:12 :   Orc:2 [[(   Elf:1 [   Shoals:4 *   Vaults:1 [

Portals:
Abyss: Lair:5
Trove: D:12 (give +6 demon blade)


Innate Abilities, Weirdness & Mutations

You are a tree.
Your roots penetrate the ground, keeping you stationary.
You cannot be teleported.
You are immune to unholy pain and torment.
Your maximum health is greatly increased.
Your equipment is partially melded.
You are immune to sickness and miasma.
((Your stone body is resilient. (AC +17)))
You are immune to poison.
((Your large and strong wings let you fly.))
You resist negative energy. (rN+)
((You are resistant to electric shocks. (rElec)))
You are resistant to unholy torment.
You are immune to petrification.
((You have sharp toenails.))
You have supernaturally acute eyesight. (SInv)
You possess an exceptional clarity of mind.
You are strong-willed. (Will+)
You are robust. (+10% HP)
Your muscles are strong. (Str +4, Int/Dex -1)
You expend magic power (3 MP) to strengthen your wands.


Message History

Your deep elf zephyrmancer is engulfed in poison gas.
Your deep elf zephyrmancer looks even sicker.
Your deep elf zephyrmancer hits the titan but does no damage.
Your deep elf high priest is engulfed in poison gas.
Your deep elf high priest looks even sicker.
The yaktaur is engulfed in poison gas.
The yaktaur is poisoned.
The yaktaur wields a +0 arbalest.
The yaktaur shoots a bolt.
You block the bolt with an invisible shield... and reflect it back!
The bolt hits the yaktaur!! [a] - 400 gold - curing, magic and heal wounds [b] - 700 gold - might, brilliance, resistance and haste [c] - 336 gold - haste and brilliance Purchase which effect?
You feel better. Magic courses through your body.
You feel much better.
The deep elf annihilator is no longer distracted by gold.
The sphinx mumbles some strange words.
Something smites you!
* * * LOW HITPOINT WARNING * * *
The yaktaur shoots a bolt.
The bolt barely misses the titan.
Your war gargoyle hits the ironbound preserver with a +3 dire flail of protection!!
The storm dragon is engulfed in poison gas.
The storm dragon looks as sick as possible!
The sphinx mumbles some strange words.
You resist with almost no effort.
The stone giant is engulfed in poison gas.
The stone giant looks as sick as possible!
The stone giant hits your deep elf high priest.
The deep elf annihilator is engulfed in poison gas.
The deep elf annihilator looks even sicker.
The deep elf annihilator casts a spell.
The deep elf annihilator blinks!
The titan hits you!!
* * * LOW HITPOINT WARNING * * *
Your deep elf zephyrmancer is engulfed in poison gas.
Your deep elf zephyrmancer looks as sick as possible!
Your deep elf zephyrmancer hits the titan with a +0 long sword.
The titan is engulfed in poison gas.
The titan looks as sick as possible!
The titan points at you and mumbles some strange words.
The bolt of lightning hits you! You resist.
You die...
Your body crumbles into a pile of gold.

... #°○°○# ..
#☼○☼§###§
'##○○§§§°§§
#○§§§§☼○§§☼
#####§○○eCD§e§§
§☼§○e○§§○☼☼§°§§
°☼§§○°°eCe○°°☼§
○○○°°§§♣C☼§☼°☼☼
○§☼°§°e$°<§☼☼§○
#####[§9p°☼§§##
§§.§§°☼§$$°°
§☼○H#$.○§#§c°
###§.#☼§§○# c○
○☼☼#§.☼§# °
§☼°§#§CC☼#


You could see an ironbound preserver (unable to see you, extremely poisoned,
ally target), 2 titans, a storm dragon (unable to see you, extremely poisoned,
catching breath), a fire giant (empowered, extremely poisoned), a sphinx
(empowered, extremely poisoned), 2 stone giants, 2 deep elf annihilators, 2
yaktaurs, a friendly war gargoyle (summoned, catching breath), a friendly deep
elf high priest (summoned, very poisoned) and 3 friendly deep elf zephyrmancers.

Vanquished Creatures
  A dread lich (Vaults:3)
  An ancient lich (Vaults:4)
  Boris (Vaults:5)
  Saint Roka (Orc:2)
  Arachne (Spider:2)
  Jorgrun (Orc:2)
  Rupert (Orc:2)
  6 tentacled monstrosities
  Zenata (Elf:1)
  Mlioglotl (Spider:2)
  A deep elf blademaster (Elf:2)
  Polyphemus (Shoals:3)
  3 sphinxes
  Frances (D:13)
  The ghost of Forgeling the Bewitcher, an adept FeEn of Dithmenos (Vaults:3)
  Gastronok (D:8)
  Kirke (Elf:1)
  Roxanne (Spider:2)
  A tengu reaver (Vaults:4)
  Aizul (Spider:3)
  Donald (Spider:1)
  A fire giant (Vaults:1)
  2 deep elf sorcerers
  3 imperial myrmidons (Desolation)
  5 emperor scorpions
  3 frost giants
  Louise (Spider:3)
  3 cacodemons (Vaults:3)
  10 vault wardens
  2 iron dragons
  A deep elf elementalist (Elf:2)
  An orc warlord (Vaults:4)
  5 ghost moths
  16 ironbound preservers
  5 formless jellyfish
  2 angels (Vaults:1)
  A stone giant (Vaults:2)
  6 very ugly things (Vaults:3)
  6 broodmothers
  4 ironbound thunderhulks
  3 deep elf annihilators
  4 war gargoyles
  11 dire elephants
  Azrael (D:15)
  A white draconian (IceCv)
  A spark wasp (Spider:3)
  14 merfolk impalers
  Snorg (Lair:3)
  6 crystal guardians
  5 merfolk javelineers (Shoals:4)
  17 ragged hierophants (Desolation)
  3 ettins
  Harold (D:10)
  8 entropy weavers
  12 yaktaur captains
  9 ice dragons (IceCv)
  A spectral kraken (Shoals:3)
  A deep elf high priest (Vaults:3)
  5 servants of whispers (Desolation)
  3 ghost crabs (Shoals:3)
  10 peacekeepers
  5 great orbs of eyes
  3 hydras
  28 vault guards
  3 alligator snapping turtles (Shoals:3)
  3 radroaches
  19 centaur warriors
  3 merfolk avatars
  8 two-headed ogres
  3 catoblepae
  10 merfolk aquamancers
  2 jorogumos
  A death knight (D:14)
  12 boulder beetles
  A sphinx zombie (D:15)
  An ogre mage (D:13)
  25 dancing weapons
  13 ironbound frosthearts
  2 satyrs
  A titan zombie (Vaults:1)
  4 death yaks (Shoals:3)
  An occultist (D:15)
  2 thrashing horrors (Lair:5)
  8 demonic crawlers
  Urug (Orc:2)
  7 deep elf knights (Elf:2)
  Sonja (Lair:5)
  7 orc high priests
  6 tengu warriors
  Nergalle (Lair:3)
  A storm dragon zombie (D:15)
  A skyshark (shapeshifter) (Elf:2)
  2 fire crabs (Lair:5)
  6 skysharks
  2 pharaoh ants
  12 sea snakes
  A deep troll (shapeshifter) (Vaults:3)
  7 orb spiders
  45 deep trolls
  4 glowing orange brains
  A deep elf archer (Elf:1)
  A sun moth (Spider:2)
  4 skeletal warriors
  7 steelbarb worms
  5 arcanists
  A flayed ghost (D:15)
  A glowing orange brain (shapeshifter) (D:14)
  2 necromancers
  An orb spider (shapeshifter) (Vaults:3)
  An orange crystal statue (IceCv)
  11 orc knights
  18 ironbound convokers
  A kraken simulacrum (Shoals:4)
  2 lindwurms (Vaults:1)
  24 harpies
  3 phantasmal warriors (Vaults:5)
  16 deep elf pyromancers
  6 fauns
  3 large abominations (Lair:5)
  24 ugly things
  23 wolf spiders
  21 deep elf zephyrmancers
  4 moths of wrath
  15 manticores
  4 orc sorcerers (Orc:2)
  A stone giant zombie (Vaults:1)
  Maurice (D:8)
  An elephant (shapeshifter) (D:14)
  A frost giant skeleton (Vaults:1)
  2 kobold blastminers (Orc:1)
  A meliai (shapeshifter) (Vaults:3)
  2 guardian serpents (Desolation)
  6 merfolk sirens
  10 cyclopes
  7 meliai
  7 black mambas
  A black mamba (shapeshifter) (Vaults:3)
  4 torpor snails
  12 vault sentinels
  8 cane toads
  21 elephants
  3 water nymphs
  A cane toad (shapeshifter) (Vaults:3)
  A spectral sea snake (Shoals:3)
  2 molten gargoyles (Desolation)
  Maggie (D:10)
  5 komodo dragons
  2 freezing wraiths
  A yaktaur zombie (Vaults:1)
  11 rime drakes
  An unseen horror (shapeshifter) (Lair:5)
  7 spectral merfolk (Shoals:3)
  2 kobold demonologists (D:11)
  25 yaktaurs
  8 polar bears
  30 tarantellas
  2 hornets
  A queen bee (Spider:2)
  6 trolls
  A troll (shapeshifter) (D:15)
  A polar bear (shapeshifter) (Vaults:3)
  46 merfolk
  64 saltlings (Desolation)
  2 raiju (Lair:5)
  5 wind drakes (Shoals:4)
  20 dream sheep
  A snapping turtle (shapeshifter) (Elf:2)
  30 blink frogs
  11 snapping turtles
  An air elemental (Elf:2)
  20 jumping spiders
  2 spriggans (Lair:5)
  A slime creature (shapeshifter) (Vaults:5)
  18 water elementals
  A centaur simulacrum (D:14)
  30 slime creatures
  2 shadows
  2 spectral wind drakes (Shoals:3)
  A ynoxinul (Lair:5)
  20 culicivoras
  Eustachio (D:5)
  3 wyverns (Lair:5)
  4 hogs (Elf:1)
  5 fire elementals
  65 redbacks
  50 yaks
  10 basilisks
  11 wargs (Orc:2)
  17 vampire mosquitoes
  A redback (shapeshifter) (Vaults:3)
  Menkaure (D:5)
  4 chaos spawn (Lair:5)
  A spectral snapping turtle (Shoals:3)
  13 water moccasins
  A hell hound (D:15)
  3 acid dragons
  41 orc warriors
  A sky beast (D:7)
  5 ice beasts
  3 laughing skulls (D:14)
  A black bear (D:8)
  7 ogres
  28 wolves
  3 boggarts (Vaults:2)
  18 centaurs
  A phantom (D:6)
  3 kobold brigands
  3 earth elementals
  10 bullfrogs
  A brain worm (shapeshifter) (D:14)
  A gnoll sergeant (D:7)
  8 small abominations (Lair:5)
  13 wights
  26 killer bees
  3 howler monkeys
  5 electric eels
  A howler monkey (shapeshifter) (Vaults:3)
  4 bombardier beetles
  4 jellies
  A gnoll bouda (D:4)
  2 hounds
  20 orc priests
  Natasha (twice) (D:3)
  4 iguanas
  14 orc wizards
  6 hell rats (Lair:5)
  14 gnolls
  3 adders
  A white imp (D:8)
  2 ribbon worms (D:2)
  121 orcs
  12 ball pythons
  7 bats
  12 endoplasms
  4 giant cockroaches
  10 goblins
  11 hobgoblins
  A jackal (D:11)
  5 quokkas
  9 frilled lizards
  17 kobolds
  4 rats
  2 tentacles (Shoals:3)
1820 creatures vanquished.

Vanquished Creatures (collateral kills)
  A golden dragon (Vaults:5)
  A deep elf sorcerer (Vaults:5)
  A yaktaur captain (Vaults:5)
3 creatures vanquished.

Vanquished Creatures (others)
  A vault guard (Vaults:5)
  A deep elf zephyrmancer (Elf:1)
  A tengu conjurer (D:14)
  2 humans (Elf:1)
  An orc (Orc:2)
  6 tentacles (Shoals:3)
12 creatures vanquished.

Grand Total: 1835 creatures vanquished

Notes
Turn   | Place    | Note
-------+----------+-------------------------------------------
     0 | D:1      | CInkIbrahim the Gargoyle Fighter began the quest for the
                  | Orb.
     0 | D:1      | Reached XP level 1. HP: 14/14 MP: 1/1
    41 | D:1      | You fall into a shaft and drop 1 floor!
    69 | D:1      | Reached XP level 2. HP: 19/19 MP: 2/2
   341 | D:1      | Reached XP level 3. HP: 23/23 MP: 3/3
  1037 | D:2      | Reached XP level 4. HP: 28/28 MP: 4/4
  1618 | D:3      | Reached XP level 5. HP: 3/32 MP: 5/5
  1621 | D:3      | HP: 1/32 [orc/+0 falchion (3)]
  1814 | D:3      | Reached skill level 5 in Polearms
  1838 | D:3      | Found a faded altar of an unknown god.
  2027 | D:3      | Identified the +5 trident of Fear {vamp, rF+ rC+ Int+3}
  2141 | D:3      | Noticed Natasha
  2148 | D:3      | Killed Natasha
  2149 | D:3      | Reached XP level 6. HP: 37/37 MP: 6/6
  2453 | D:3      | Noticed Natasha
  2459 | D:3      | Killed Natasha
  3396 | D:4      | Noticed a water moccasin
  3419 | D:4      | Killed a water moccasin
  3420 | D:4      | Reached XP level 7. HP: 35/41 MP: 7/7
  3531 | D:4      | Found Apseumin's Antique Weapon Emporium.
  3726 | D:5      | Entered Level 5 of the Dungeon
  3832 | D:5      | Identified the +0 ring mail of Greed {^Drain rF+ Int+2
                  | Dex+3}
  3891 | D:5      | Found an iron altar of Okawaru.
  3891 | D:5      | Found an opulent altar of Gozag.
  3911 | D:5      | Became a worshipper of Gozag Ym Sagoz the Greedy
  3922 | D:5      | Identified the ring "Wyuly" {rN+ Will+}
  3935 | D:5      | Noticed Menkaure
  3941 | D:5      | Reached XP level 8. HP: 46/46 MP: 8/8
  3943 | D:5      | Killed Menkaure
  3951 | D:5      | Found a staircase to the Ecumenical Temple.
  3964 | Temple   | Entered the Ecumenical Temple
  4034 | D:5      | Found a hide-covered altar of Uskayaw.
  4340 | D:5      | Noticed Eustachio
  4350 | D:5      | Killed Eustachio
  4891 | D:6      | Reached skill level 10 in Polearms
  4953 | D:6      | Reached XP level 9. HP: 51/51 MP: 9/9
  6205 | D:7      | Found a sacrificial altar of Ru.
  6832 | D:8      | Reached XP level 10. HP: 56/56 MP: 10/10
  6856 | D:8      | Noticed Gastronok
  6903 | D:8      | Killed Gastronok
  6982 | D:8      | Noticed Maurice
  6991 | D:8      | Maurice stole a +4 trident of freezing
  6992 | D:8      | Killed Maurice
  7045 | D:8      | Found a bloodstained altar of Trog.
  7506 | D:8      | Noticed a cyclops
  7518 | D:8      | Killed a cyclops
  7540 | D:8      | Found an ornate altar of the Wu Jian Council.
  7829 | D:8      | Noticed a centaur warrior
  7841 | D:8      | Killed a centaur warrior
  7842 | D:8      | Reached skill level 15 in Polearms
  7842 | D:8      | Reached XP level 11. HP: 60/60 MP: 11/11
  8058 | D:9      | Reached skill level 4 in Armour
  8178 | D:9      | Found a staircase to the Lair.
  8321 | D:9      | Reached skill level 5 in Armour
  8421 | D:9      | Found a hazy altar of Hepliaklqana.
  9238 | Lair:1   | Entered Level 1 of the Lair of Beasts
  9310 | Lair:1   | Reached skill level 6 in Armour
  9322 | Lair:1   | Reached skill level 5 in Fighting
  9322 | Lair:1   | Reached skill level 5 in Shields
  9352 | Lair:1   | Reached skill level 7 in Armour
  9632 | Lair:1   | Reached XP level 12. HP: 69/69 MP: 12/12
  9766 | Lair:1   | Reached skill level 8 in Armour
 10198 | Lair:1   | Reached skill level 9 in Armour
 10778 | Lair:2   | Found a staircase to the Shoals.
 10875 | Lair:2   | Reached skill level 10 in Armour
 11359 | Lair:3   | Noticed Nergalle
 11379 | Lair:3   | Killed Nergalle
 11450 | Lair:3   | Found a transporter.
 11467 | Lair:3   | Found a hole to the Spider Nest.
 11702 | Lair:3   | Noticed Snorg
 11731 | Lair:3   | Killed Snorg
 11732 | Lair:3   | Reached skill level 11 in Armour
 11832 | Lair:3   | Found a transporter.
 12029 | Lair:3   | Reached XP level 13. HP: 79/79 MP: 13/13
 12114 | Lair:3   | Reached skill level 12 in Armour
 12631 | Lair:4   | Found a viscous altar of Jiyva.
 12631 | Lair:4   | Found a staircase to the Slime Pits.
 12794 | Lair:4   | Reached skill level 13 in Armour
 12856 | Lair:4   | You fall into a shaft and drop 1 floor!
 12856 | Lair:5   | Entered Level 5 of the Lair of Beasts
 13607 | Lair:5   | Reached skill level 10 in Fighting
 13784 | Lair:5   | Reached skill level 14 in Armour
 14214 | Lair:5   | Gained mutation: Your large and strong wings let you fly.
                  | [Gargoyle growth]
 14214 | Lair:5   | Reached XP level 14. HP: 64/88 MP: 14/14
 14532 | Lair:5   | Reached skill level 15 in Armour
 14590 | Lair:5   | Noticed Sonja
 14606 | Lair:5   | Killed Sonja
 15598 | Lair:5   | Reached skill level 16 in Armour
 15639 | Lair:5   | Identified the amulet "Imocu" {rPois Regen+}
 15862 | Lair:5   | HP: 4/92 [thrashing horror (20)]
 15962 | Lair:5   | Found a corrupted altar of Lugonu.
 15962 | Lair:5   | Found a one-way gate to the infinite horrors of the Abyss.
 16184 | D:10     | Entered Level 10 of the Dungeon
 16228 | D:10     | Found Veuwn's Weapon Emporium.
 16341 | D:10     | Found a flagged portal.
 16361 | Bailey   | Entered a bailey
 16914 | Bailey   | Got Plog's Excursus on Ensorcelling
 16917 | Bailey   | Identified the +8 triple sword "Upparisk" {freeze, rPois
                  | Dex-2 Stlth+}
 17024 | D:10     | Found an ancient bone altar of Kikubaaqudgha.
 17114 | D:10     | Noticed Maggie
 17124 | D:10     | Killed Maggie
 17170 | D:10     | Noticed Harold
 17195 | D:10     | Killed Harold
 17414 | D:10     | Found a staircase to the Orcish Mines.
 17419 | D:10     | Identified the +7 scimitar "Ruapsob" {drain, rElec rPois
                  | Str+2}
 17992 | D:10     | Identified a scroll of acquirement
 17993 | D:10     | Acquired a +3 demon trident of electrocution
 18044 | Orc:1    | Entered Level 1 of the Orcish Mines
 18279 | Orc:2    | Entered Level 2 of the Orcish Mines
 18373 | Orc:2    | Reached XP level 15. HP: 97/97 MP: 15/15
 18532 | Orc:2    | Reached skill level 17 in Armour
 18701 | Orc:2    | Found Ratupp's Armour Shop.
 18707 | Orc:2    | Bought the +8 orange crystal plate armour {Archmagi, Int+3
                  | Clar} for 1878 gold pieces
 18707 | Orc:2    | Found the +8 orange crystal plate armour {Archmagi, Int+3
                  | Clar}
 18788 | Orc:2    | Gained mutation: Armour fits poorly on your strangely
                  | shaped body. [a neqoxec]
 18886 | Orc:2    | Noticed Rupert
 19750 | D:11     | Found a shimmering altar of Xom.
 20175 | D:12     | Found Iffaw's Book Shop.
 20451 | D:12     | Found a portal to a secret trove of treasure.
 21019 | D:13     | Found a gate to the Vaults.
 21231 | D:13     | Noticed Frances
 21250 | D:13     | Killed Frances
 22030 | D:14     | Reached skill level 18 in Armour
 22193 | D:14     | Reached XP level 16. HP: 99/107 MP: 16/16
 22542 | D:14     | Identified the +2 acid dragon scales "Egieciuss" {-Tele
                  | rCorr Str+5 Dex+4}
 22842 | D:15     | Entered Level 15 of the Dungeon
 23003 | D:15     | Found a staircase to the Depths.
 23012 | D:15     | Reached skill level 15 in Fighting
 23137 | D:15     | Noticed Azrael
 23141 | D:15     | Reached skill level 10 in Shields
 23168 | D:15     | Killed Azrael
 23306 | D:15     | Found a hide-covered altar of Uskayaw.
 24477 | D:13     | Paralysed by something for 5 turns
 24780 | Shoals:1 | Entered Level 1 of the Shoals
 25012 | Shoals:1 | Reached skill level 19 in Armour
 26338 | Shoals:2 | Reached XP level 17. HP: 114/115 MP: 17/17
 27192 | Shoals:3 | Reached skill level 20 in Armour
 27394 | Shoals:3 | Identified the +1 pair of boots of Whack-A-Mole {rElec
                  | MP+9}
 27417 | Shoals:3 | Acquired the +0 pair of gloves of the Desert {rC+ Int-3
                  | Slay+5}
 27894 | Shoals:3 | Lost mutation: Armour fits poorly on your strangely shaped
                  | body. [potion of mutation]
 27894 | Shoals:3 | Gained mutation: Your flesh is heat resistant. (rF+)
                  | [potion of mutation]
 27894 | Shoals:3 | Gained mutation: You expend magic power (3 MP) to
                  | strengthen your wands. [potion of mutation]
 27894 | Shoals:3 | Gained mutation: You are dopey. (Int -2) [potion of
                  | mutation]
 27894 | Shoals:3 | Gained mutation: You are agile. (Dex +4, Str/Int -1)
                  | [potion of mutation]
 28157 | Shoals:4 | Entered Level 4 of the Shoals
 28318 | Shoals:4 | Noticed Polyphemus
 28416 | Shoals:3 | Killed Polyphemus
 29068 | Shoals:4 | Reached XP level 18. HP: 122/122 MP: 18/18
 29110 | Shoals:4 | Got a barnacled rune of Zot
 29161 | Shoals:4 | Identified the ring of Xom's Wantonness {Ice rElec rN++
                  | rCorr Int-5}
 29230 | Shoals:4 | Reached skill level 21 in Armour
 29567 | Shoals:4 | Found Wecumugo's General Store.
 29575 | Shoals:4 | Bought a potion of curing for 42 gold pieces
 29979 | Orc:2    | Found a staircase to the Elven Halls.
 29988 | Orc:2    | Noticed Jorgrun
 29998 | Orc:2    | Killed Jorgrun
 29999 | Orc:2    | Noticed Urug
 30003 | Orc:2    | Noticed Saint Roka
 30023 | Orc:2    | Killed Urug
 30052 | Orc:2    | Killed Saint Roka
 30343 | Orc:2    | Found Ydimam's Antique Weapon Boutique.
 30344 | Orc:2    | Found Pilitrec's Armour Shop.
 30376 | Orc:2    | Bought a runed demon trident for 450 gold pieces
 30707 | Orc:2    | Killed Rupert
 30747 | Elf:1    | Entered Level 1 of the Elven Halls
 30781 | Elf:1    | Found a radiant altar of Vehumet.
 30996 | Elf:1    | Found Viguoj's Antique Armour Shop.
 31243 | Elf:1    | Got Kuwnye's Cyclopedia of Blasts
 31264 | Elf:1    | You are sucked into a shaft and drop 1 floor!
 31264 | Elf:2    | Noticed a deep elf blademaster
 31266 | Elf:2    | Found a runed translucent gate.
 31266 | Elf:2    | Found a runed translucent gate.
 31266 | Elf:2    | Found a runed translucent gate.
 31285 | Elf:2    | Killed a deep elf blademaster
 31868 | Elf:2    | Reached XP level 19. HP: 128/128 MP: 19/19
 31956 | Elf:2    | Paralysed by an air elemental for 1 turns
 32043 | Elf:2    | Found an ancient bone altar of Kikubaaqudgha.
 32338 | Elf:1    | Noticed Kirke
 32352 | Elf:1    | Killed Kirke
 32353 | Elf:1    | Reached skill level 22 in Armour
 32455 | Elf:1    | Noticed Zenata
 32469 | Elf:1    | Killed Zenata
 33032 | Spider:1 | Entered Level 1 of the Spider Nest
 33045 | Spider:1 | Found a glacial archway.
 33055 | IceCv    | Entered an ice cave
 34389 | Spider:2 | Noticed Roxanne
 34389 | Spider:2 | Noticed Donald
 34421 | Spider:1 | Killed Donald
 34461 | Spider:2 | Killed Roxanne
 34939 | Spider:2 | Reached XP level 20. HP: 126/137 MP: 20/20
 34942 | Spider:2 | Reached skill level 15 in Shields
 35471 | Spider:3 | Noticed Louise
 35487 | Spider:3 | Killed Louise
 35677 | Spider:3 | Noticed Arachne
 35749 | Spider:3 | Noticed Mlioglotl
 35765 | Spider:2 | Killed Mlioglotl
 35913 | Spider:2 | Killed Arachne
 36242 | Spider:3 | Identified the serpent talisman of Shadows and Fog {Dex+2}
 36242 | Spider:3 | Noticed Aizul
 36250 | Spider:3 | Killed Aizul
 36749 | Spider:3 | Identified the +0 scale mail of the Lily {SInv}
 37269 | Spider:4 | Entered Level 4 of the Spider Nest
 37285 | Spider:4 | Reached skill level 23 in Armour
 37364 | Spider:4 | Got the Almanac of Algor and the Caves
 38564 | Spider:4 | Got a gossamer rune of Zot
 39033 | Elf:3    | Entered Level 3 of the Elven Halls
 39286 | Vaults:1 | Entered Level 1 of the Vaults
 39612 | Vaults:1 | Reached XP level 21. HP: 83/144 MP: 21/21
 40055 | Vaults:1 | Found Holaam's Armour Shop.
 40062 | Vaults:1 | Bought a +0 helmet of see invisible for 218 gold pieces
 40101 | Vaults:1 | Got the Papyrus of the Spellbinding Sixfirhy
 40746 | Vaults:2 | Found a glowing golden altar of the Shining One.
 40747 | Vaults:2 | Found a glowing silver altar of Zin.
 40748 | Vaults:2 | Found a crumbling gateway.
 40934 | Vaults:2 | Found the +9 sword of Power {lifebolt}
 40980 | Vaults:2 | Found a white marble altar of Elyvilon.
 41003 | Desolati | Entered the Desolation of Salt
 41165 | Desolati | Identified the amulet of Lesser Demons {Reflect Dex+3 SH+5}
 41205 | Desolati | Identified the +9 sling of Equivalence {heavy, rN+ Will+
                  | Int-2}
 41525 | Desolati | Got the Incunabulum of the Twisted Deep Freeze
 41532 | Desolati | Got the Omnibus of Calefaction and Spelunking
 41601 | Desolati | Got the Anthology of Viperous Dislocation
 41658 | Desolati | Got the Omnibus of Violence and Fog
 42169 | Vaults:2 | Reached XP level 22. HP: 114/153 MP: 8/22
 42181 | Vaults:2 | Reached skill level 24 in Armour
 42490 | Vaults:2 | Found a staircase to the Crypt.
 42490 | Vaults:2 | Found an ancient bone altar of Kikubaaqudgha.
 42491 | Vaults:2 | Found a basalt altar of Yredelemnul.
 44174 | Vaults:3 | Noticed a dread lich
 44193 | Vaults:3 | Killed a dread lich
 44584 | Vaults:3 | Found a runed translucent gate.
 44584 | Vaults:3 | Found a runed translucent gate.
 44584 | Vaults:3 | Found a runed translucent gate.
 45418 | Vaults:3 | Found a runed translucent gate.
 45418 | Vaults:3 | Found a runed translucent gate.
 45420 | Vaults:3 | Noticed Forgeling's ghost (adept FeEn)
 45425 | Vaults:3 | Found a runed translucent gate.
 45459 | Vaults:3 | Killed Forgeling's ghost
 45464 | Vaults:3 | Reached XP level 23. HP: 152/160 MP: 23/23
 45509 | Vaults:3 | Identified the +2 pair of boots "Wiekas" {Int+4}
 45524 | Vaults:3 | Gained mutation: Armour fits poorly on your strangely
                  | shaped body. [mutagenic glow]
 45542 | Vaults:3 | Gained mutation: You are frail. (-10% HP) [mutagenic glow]
 45551 | Vaults:3 | Lost mutation: You are agile. (Dex +4, Str/Int -1) [potion
                  | of mutation]
 45551 | Vaults:3 | Lost mutation: Armour fits poorly on your strangely shaped
                  | body. [potion of mutation]
 45551 | Vaults:3 | Gained mutation: You have a beak for a mouth. [potion of
                  | mutation]
 45551 | Vaults:3 | Gained mutation: Your flesh is very heat resistant. (rF++)
                  | [potion of mutation]
 45551 | Vaults:3 | Gained mutation: Your flesh is cold resistant. (rC+)
                  | [potion of mutation]
 45552 | Vaults:3 | Lost mutation: Your flesh is cold resistant. (rC+) [potion
                  | of mutation]
 45552 | Vaults:3 | Lost mutation: Your flesh is very heat resistant. (rF++)
                  | [potion of mutation]
 45552 | Vaults:3 | Gained mutation: You are somewhat resistant to further
                  | mutation. [potion of mutation]
 45552 | Vaults:3 | Lost mutation: You are dopey. (Int -2) [potion of mutation]
 45553 | Vaults:3 | Lost mutation: You are somewhat resistant to further
                  | mutation. [potion of mutation]
 45553 | Vaults:3 | Lost mutation: Your flesh is heat resistant. (rF+) [potion
                  | of mutation]
 45553 | Vaults:3 | Gained mutation: You are partially covered in large bone
                  | plates. (SH +4) [potion of mutation]
 45553 | Vaults:3 | Gained mutation: You possess an exceptional clarity of
                  | mind. [potion of mutation]
 45553 | Vaults:3 | Gained mutation: Your muscles are strong. (Str +4, Int/Dex
                  | -1) [potion of mutation]
 45554 | Vaults:3 | Lost mutation: You possess an exceptional clarity of mind.
                  | [mutagenic glow]
 45562 | Vaults:3 | Lost mutation: You have a beak for a mouth. [potion of
                  | mutation]
 45562 | Vaults:3 | Lost mutation: You are frail. (-10% HP) [potion of
                  | mutation]
 45562 | Vaults:3 | Gained mutation: You occasionally lose the ability to read
                  | scrolls when taking damage. [potion of mutation]
 45562 | Vaults:3 | Gained mutation: You possess an exceptional clarity of
                  | mind. [potion of mutation]
 45563 | Vaults:3 | Lost mutation: You are partially covered in large bone
                  | plates. (SH +4) [potion of mutation]
 45563 | Vaults:3 | Lost mutation: You occasionally lose the ability to read
                  | scrolls when taking damage. [potion of mutation]
 45563 | Vaults:3 | Gained mutation: Your mind is acute. (Int +4, Str/Dex -1)
                  | [potion of mutation]
 45563 | Vaults:3 | Gained mutation: You have a beak for a mouth. [potion of
                  | mutation]
 45564 | Vaults:3 | Lost mutation: You expend magic power (3 MP) to strengthen
                  | your wands. [potion of mutation]
 45564 | Vaults:3 | Lost mutation: You have a beak for a mouth. [potion of
                  | mutation]
 45564 | Vaults:3 | Gained mutation: You are clumsy. (Dex -2) [potion of
                  | mutation]
 45564 | Vaults:3 | Gained mutation: You have supernaturally acute eyesight.
                  | (SInv) [potion of mutation]
 45565 | Vaults:3 | Lost mutation: You are clumsy. (Dex -2) [potion of
                  | mutation]
 45565 | Vaults:3 | Lost mutation: Your mind is acute. (Int +4, Str/Dex -1)
                  | [potion of mutation]
 45565 | Vaults:3 | Gained mutation: You have sharp toenails. [potion of
                  | mutation]
 45565 | Vaults:3 | Gained mutation: You expend magic power (3 MP) to
                  | strengthen your wands. [potion of mutation]
 45565 | Vaults:3 | Gained mutation: You are strong-willed. (Will+) [potion of
                  | mutation]
 45565 | Vaults:3 | Gained mutation: You are robust. (+10% HP) [potion of
                  | mutation]
 47224 | Vaults:4 | Noticed an ancient lich
 47234 | Vaults:4 | Killed an ancient lich
 47389 | Vaults:5 | Entered Level 5 of the Vaults
 47389 | Vaults:5 | Noticed Boris
 47674 | Vaults:5 | Noticed a golden dragon
 47680 | Vaults:5 | Killed Boris
 47964 | Vaults:5 | HP: 1/264 [titan (36)]
 47964 | Vaults:5 | Killed a golden dragon
 47967 | Vaults:5 | Killed from afar by a titan

Illustrated notes

Levels and vault maps discovered:
D:1:      nicolae_arrival_washed_ashore, layout_rooms
D:2:      layout_basic, nicolae_titane
D:3:      layout_basic, hellmonk_ecumenical_altar_crossroads,
          minmay_joined_circles, uniq_natasha
D:4:      layout_basic, serial_shops, shop, nicolae_the_louvre
D:5:      layout_basic, mainiacjoe_overflow_paths, jmf_multi_god_temple,
          minmay_temple_entry_statues_fountains, minmay_manual_macuahuitl,
          uniq_menkaure, uniq_eustachio
D:6:      layout_basic
D:7:      layout_loops_ring, nicolae_ru_the_path_less_chosen
D:8:      minmay_ornate_pinched, layout_basic, marbit_many_paths,
          kennysheep_mini, serial_bayou_crossing, uniq_maurice, uniq_gastronok
D:9:      layout_cave_pods, mainiacjoe_overflow_boulevard, lair_entry_dummy,
          st_stairs_7, kennysheep_opposing_triangles
D:10:     layout_irregular_city, old_standard_altar, orc_david_3,
          enter_bailey_5, uniq_maggie, uniq_harold
D:11:     layout_layer_cave, serial_glass, glass_columns_b, glass_columns_a,
          corexii_leaking_fountain, chequers_garden, tgw_xom
D:12:     layout_irregular_city, nicolae_trove_entry_free_sample, serial_shops,
          shop
D:13:     layout_cave_pools, hellmonk_vaults_order_and_chaos,
          nicolae_eternal_life, uniq_frances
D:14:     evilmike_diamond_2, layout_grid_maze, serial_shops,
          nicolae_shop_behind_doors, kennysheep_boxes
D:15:     gammafunk_depths_entry_grave, layout_stronghold,
          nicolae_uskayaw_murder_on_the_dancefloor, uniq_azrael
Temple:   nicolae_temple_two_arcs
Lair:1:   layout_chaotic_city, infiniplex_staircase_pool, grunt_megastairs_5
Lair:2:   layout_roguey, minmay_shoals_entry_hut, grunt_megastairs_3
Lair:3:   gammafunk_worm_tunnel, layout_cave_pods, spider_nest_entry_web_field,
          uniq_snorg, uniq_nergalle
Lair:4:   layout_small_grid, dpeg_slime_entry_enclosed
Lair:5:   hellmonk_lair_end_abyssal_woods, layout_big_grid,
          bh_autumn_forest_stairs, serial_bayou_shore_a, grunt_megastairs_1,
          uniq_sonja
Shoals:1: layout_shoals, nicolae_shoals_aquamancer_cove
Shoals:2: layout_shoals, nicolae_shoals_former_cling_ruins,
          nicolae_shoals_wave_tunnel
Shoals:3: cheibrodos_shoals_roost, layout_shoals, nicolae_shoals_spectral_cove
Shoals:4: shoals_end_grunt_ice, layout_shoals, serial_shops, shop,
          uniq_polyphemus
Spider:1: layout_spider_delve, portal_ice_cave_entry_pillars_three, drop_trap,
          nicolae_spider_rock_and_or_roll
Spider:2: layout_spider_delve, special_room [special_room_bee],
          hangedman_spider_tarantella_strand, uniq_roxanne, uniq_donald
Spider:3: nicolae_spider_hilbert_zone_1 [nicolae_spider_hilbert_4_sides_1_open,
          nicolae_spider_hilbert_4_sides_1_open,
          nicolae_spider_hilbert_4_sides_1_open,
          nicolae_spider_hilbert_4_sides_1_open,
          nicolae_spider_hilbert_3_sides_1_open,
          nicolae_spider_hilbert_3_sides_1_open,
          nicolae_spider_hilbert_3_sides_1_open,
          nicolae_spider_hilbert_3_sides_1_open,
          nicolae_spider_hilbert_3_sides_1_open,
          nicolae_spider_hilbert_6_sides_1_open,
          nicolae_spider_hilbert_6_sides_1_open,
          nicolae_spider_hilbert_3_sides_1_open,
          nicolae_spider_hilbert_3_sides_1_open,
          nicolae_spider_hilbert_3_sides_1_open,
          nicolae_spider_hilbert_3_sides_1_open,
          nicolae_spider_hilbert_2_sides_1_open], drop_trap, uniq_aizul,
          uniq_arachne, uniq_mlioglotl, uniq_louise
Spider:4: grunt_spider_rune_parallel
Orc:1:    layout_caves
Orc:2:    st_orc_town, layout_diamond_mine, uniq_urug, uniq_jorgrun,
          uniq_saint_roka, uniq_rupert
Elf:1:    eino_elf_arrival_altar, layout_loops_cross, serial_shops,
          nicolae_take_the_stairs, minmay_elf_annihilation, uniq_kirke,
          uniq_zenata
Elf:2:    elven_hall_of_blades_hangedman_original
          [nicolae_blade_entry_diamond_columns], layout_geoelf_octagon,
          basic_altar, kb_rosetta
Elf:3:    minmay_elf_hall_dome, layout_geoelf_grid,
          dreamdust_deal_with_the_devil
Vaults:1: v_alt_pattern_3, nicolae_vaults_surprise_closet, vaults_mumra_hex,
          st_cross, nicolae_vaults_oval_intersection,
          nicolae_vaults_taking_the_gang_shopping, grunt_vaults_focal,
          grunt_vaults_hallway_long, nicolae_vaults_storage_room_statues,
          vaults_mumra_lcd, nicolae_vaults_heart-shaped_vault,
          layout_vaults_ring
Vaults:2: portal_desolation_entry_holy_temple, v_alt_pattern_3,
          minmay_crypt_entry_necro_gods, nicolae_vaults_big_ls,
          nicolae_vaults_trapezoid_layered, nicolae_vaults_circle_grid_b,
          nicolae_vaults_trapezoid_2, v_misc_31, nicolae_vaults_weapon_check,
          nicolae_vaults_trapezoid_3, ontoclasm_vaults_misaligned, v_misc_23,
          v_misc_9, hangedman_vaults_stream, layout_vaults_maze
Vaults:3: ploomutoo_gammafunk_ghost_potion_laboratory, grunt_vaults_diagonal,
          nicolae_vaults_trapezoid_4, vaults_mumra_minichess,
          nicolae_vaults_two_Ls, nicolae_vaults_sealed_display, v_pattern_1,
          nicolae_vaults_surprise_closet_hard, layout_vaults_chaotic_city
Vaults:4: vaults_standard_mumra_x, hangedman_vaults_slice,
          nicolae_vaults_triangles, nicolae_vaults_security_offices_3,
          nicolae_vaults_bisected_inception, hangedman_vaults_pinch,
          nicolae_vaults_three_branches, nicolae_vaults_cornered_office,
          nicolae_vaults_storage_room_water, layout_vaults_omnigrid
Vaults:5: uniq_sojobo, uniq_boris

Skill      XL: |  1  2  3  4  5  6  7  8  9 10 11 12 13 14 15 16 17 18 19 20 21 22 23 |
---------------+----------------------------------------------------------------------+-----
Polearms       | 2 3 4 5 6 8 10 12 15 16 17 18 19 20 | 20.6
Armour         | 7 11 14 16 18 19 20 21 22 23 24 | 24.9
Fighting       | 5 8 10 12 14 15 16 17 18 19 20 21 | 21.6
Shields        | 5 7 8 9 10 12 13 14 16 18 19 20 | 20.7

Action                     |  1- 3 |  4- 6 |  7- 9 | 10-12 | 13-15 | 16-18 | 19-21 | 22-24 || total
---------------------------+-------+-------+-------+-------+-------+-------+-------+-------++-------
  Melee: Trident           |   138 |   165 |   303 |   821 |  1524 |       |       |       ||  2951
         Demon trident     |       |       |       |       |   392 |  1498 |  1678 |   668 ||  4236
  Throw: Throwing net      |       |       |       |       |     2 |       |       |     1 ||     3
 Invoke: Potion Petition   |       |       |       |       |       |     8 |     2 |     4 ||    14
  Evoke: Wand              |       |       |       |       |     2 |       |       |     9 ||    11
         Tin of tremorston |       |       |       |       |       |       |       |     1 ||     1
    Use: Potion            |       |     3 |     2 |     5 |     9 |     5 |     2 |    16 ||    42
         Scroll            |       |     6 |     3 |     6 |    18 |    12 |     8 |    10 ||    63
   Stab: Distracted        |       |       |     1 |     3 |     7 |     7 |     9 |     6 ||    33
         Invisible         |       |       |       |       |     2 |     6 |       |       ||     8
         Held in net/web   |       |       |       |       |     1 |       |     1 |       ||     2
         Petrified         |       |       |       |       |       |     5 |       |       ||     5
         Petrifying        |       |       |       |       |       |     1 |       |       ||     1
         Fleeing           |       |       |       |       |       |       |     1 |       ||     1
 Armour: Scale mail        |    68 |    70 |   113 |   350 |   794 |       |       |       ||  1395
         Chain mail        |       |       |       |       |     8 |       |       |       ||     8
         Crystal plate arm |       |       |       |       |   208 |  1024 |  2066 |   702 ||  4000
         Skin              |       |       |       |       |       |       |       |    42 ||    42
  Dodge: Dodged            |    66 |    42 |    45 |   180 |   513 |   260 |   437 |   177 ||  1720
         Repelled          |       |       |       |       |    11 |    16 |    11 |     4 ||    42
  Block: Buckler           |    20 |    27 |    29 |   105 |   352 |   263 |   722 |   411 ||  1929
         Kite shield       |       |       |       |       |    14 |       |       |       ||    14
         Reflection        |       |       |       |       |       |       |       |    12 ||    12
